 Dungeon Crawl Stone Soup version 0.28-a0-1404-g4df0f3684d (webtiles) character file.

Game seed: 16301112996940632327

310 zap2161 the Chopper (level 6, 0/84 HPs)
             Began as a Hill Orc Berserker on Jan 5, 2022.
             Was a Believer of Trog.
             Slain by a gnoll shaman (2 damage)
             ... on level 4 of the Dungeon.
             The game lasted 00:19:59 (2138 turns).

zap2161 the Chopper (Hill Orc Berserker)            Turns: 2138, Time: 00:19:59

Health: 0/84       AC:  6    Str: 22    XL:     6   Next: 41%
Magic:  6/6        EV: 11    Int:  7    God:    Trog [**....]
Gold:   141        SH:  0    Dex: 10    Spells: 5/5 levels left

rFire   . . .      SeeInvis .   i - +2 mace (vorpal)
rCold   . . .      Faith    .   (no shield)
rNeg    + . .      Spirit   .   p - +0 ring mail
rPois   .          Reflect  .   (no helmet)
rElec   .          Harm     .   j - +0 cloak
rCorr   .          Rampage  .   (no gloves)
Will    ++...                   (no boots)
Stlth   ..........              (no amulet)
HPRegen 1.24/turn               d - ring of positive energy
MPRegen 0.10/turn               (no ring)

@: berserking, strong-willed, regenerating, very quick
A: no striking features
a: Renounce Religion, Berserk, Trog's Hand


You were on level 4 of the Dungeon.
You worshipped Trog.
Trog was pleased with you.
You visited 1 branch of the dungeon, and saw 4 of its levels.

You collected 141 gold pieces.

Inventory:

Hand Weapons
 a - a +2 quarterstaff of chaos
 i - a +2 vorpal mace (weapon)
 k - a +0 hand axe
Missiles
 c - 55 stones (quivered)
 m - 85 arrows
 r - 13 bolts
 s - 17 sling bullets
Armour
 b - a +0 animal skin
 j - a +0 cloak (worn)
 p - a +0 ring mail (worn)
Jewellery
 d - a ring of positive energy (left hand)
Scrolls
 e - a scroll of fog {unknown}
 f - a scroll of magic mapping {unknown}
 g - 2 scrolls of identify {unknown}
 h - a scroll of blinking {unknown}
 l - a scroll of amnesia {unknown}
 o - a scroll of teleportation {unknown}
 q - a scroll of fear {unknown}
Potions
 n - a potion of curing {unknown}


   Skills:
 * Level 5.3 Fighting
 + Level 5.4(6.2) Axes
 * Level 3.6(4.7) Maces & Flails
 + Level 2.7 Armour
 + Level 2.4 Dodging


You had 5 spell levels left.
You didn't know any spells.
Your spell library was empty.

Dungeon Overview and Level Annotations

Branches:
Dungeon (4/15)
 Temple: D:4-7

Altars:


Message History

The gnoll is heavily wounded.
The gnoll hits you with a +0 club. The gnoll misses you.
An adder skeleton comes into view.
You hit the gnoll.
The gnoll is almost dead.
The gnoll hits you with a +0 club. The gnoll shaman closely misses you.
The gnoll hits you with a +0 club. The gnoll barely misses you.
Your skin crawls.
You feel strong-willed. The gnoll closely misses you.
The gnoll shaman hits you with a +0 whip.
The gnoll hits you from afar with a +0 spear.
The gnoll hits you but does no damage.
You closely miss the gnoll.
The gnoll is almost dead.
The gnoll shaman hits you with a +0 whip!
* * * LOW HITPOINT WARNING * * *
The gnoll closely misses you. The gnoll hits you but does no damage.
You hit the gnoll.
You kill the gnoll!
Trog accepts your kill.
The gnoll shaman hits you with a +0 whip!
* * * LOW HITPOINT WARNING * * *
The gnoll hits you from afar with a +0 spear.
* * * LOW HITPOINT WARNING * * *
You hit the adder skeleton.
The adder skeleton is moderately damaged.
The gnoll shaman closely misses you. The gnoll closely misses you.
The adder skeleton closely misses you.
A red film seems to cover your vision as you go berserk!
You feel yourself moving faster!
You feel mighty!
The gnoll shaman hits you with a +0 whip.
* * * LOW HITPOINT WARNING * * *
The adder skeleton misses you.
The gnoll hits you from afar with a +0 spear.
* * * LOW HITPOINT WARNING * * *
You completely miss the gnoll shaman.
The gnoll shaman hits you with a +0 whip.
You die...

# .. ###... #.... #
##..# #.. ##@Z# ..
##)g###.# # ####
##.g##...# ##. #...
#.)....# .. ##..#
##.#.#### ####..#
##..#)# ..##.##
##..##.#
..†...####..###.######.
..##...................


You could see a gnoll shaman, a gnoll and an adder skeleton.

Vanquished Creatures
  A phantom (D:4)
  A centaur skeleton (D:3)
  Crazy Yiuf (D:2)
  An iguana (D:3)
  5 gnolls
  5 adders
  A worm (D:2)
  3 dart slugs
  An orc (D:3)
  9 bats
  3 endoplasms
  3 goblins
  4 hobgoblins
  2 jackals (D:2)
  2 kobolds
  2 quokkas
  8 ball pythons
  4 frilled lizards
  3 rats
59 creatures vanquished.

Vanquished Creatures (others)
  10 plants (D:1)
10 creatures vanquished.

Grand Total: 69 creatures vanquished

Notes
Turn   | Place    | Note
-------+----------+-------------------------------------------
     0 | D:1      | zap2161 the Hill Orc Berserker began the quest for the Orb.
     0 | D:1      | Reached XP level 1. HP: 19/19 MP: 1/1
   235 | D:1      | Reached XP level 2. HP: 20/27 MP: 2/2
   681 | D:2      | Found a runed translucent door.
   682 | D:2      | Noticed Crazy Yiuf
   694 | D:2      | Killed Crazy Yiuf
   695 | D:2      | Reached XP level 3. HP: 34/34 MP: 3/3
   753 | D:2      | Reached skill level 5 in Axes
   758 | D:2      | Reached skill level 1 in Maces & Flails
   758 | D:2      | Reached XP level 4. HP: 21/41 MP: 4/4
   882 | D:2      | Reached ** piety under Trog
  1120 | D:2      | Reached XP level 5. HP: 42/47 MP: 5/5
  1333 | D:3      | Reached skill level 5 in Fighting
  1782 | D:3      | Found a faded altar of an unknown god.
  1934 | D:4      | Noticed a phantom
  1949 | D:4      | Killed a phantom
  1950 | D:4      | Reached XP level 6. HP: 21/56 MP: 6/6
  2137 | D:4      | HP: 1/84 [gnoll (6)]
  2138 | D:4      | Slain by a gnoll shaman

Illustrated notes

Levels and vault maps discovered:
D:1:      minmay_arrival_shattered_statue, layout_basic, serial_bayou,
          serial_bayou_shore_a, serial_bayou_pond_d, serial_bayou_pond_d,
          serial_bayou_crossing, serial_bayou_ford_a, hangedman_decor_points
D:2:      layout_loops_ring, uniq_crazy_yiuf_cottage
D:3:      layout_basic, basic_ecumenical_altar
D:4:      layout_rooms, uniq_duvessa

Skill      XL: |  1  2  3  4  5 |
---------------+----------------+-----
Fighting       | 4 5 |  5.3
Axes           | 5 |  5.4
Maces & Flails | 1 3 |  3.6
Dodging        | 2 |  2.4
Armour         | |  2.7

Action                   |  1- 3 |  4- 6 || total
-------------------------+-------+-------++-------
Melee: Hand axe          |    52 |       ||    52
       Mace              |    11 |   110 ||   121
       Punch             |       |     2 ||     2
Throw: Stone             |     4 |     4 ||     8
Invok: Berserk           |       |     1 ||     1
       Trog's Hand       |       |     1 ||     1
 Stab: Sleeping          |     1 |       ||     1
Armor: Animal skin       |    10 |    15 ||    25
       Ring mail         |       |    32 ||    32
Dodge: Dodged            |    37 |   104 ||   141

Table legend: (Time is in decaauts)
 A = Elapsed time spent in this place.
 B = Non-inter-level travel time spent in this place.
 C = Inter-level travel time spent in this place.
 D = Time resting spent in this place.
 E = Time spent auto-exploring this place.
 F = Levels seen in this place.
 G = Mean time per level.
                   A        B        C        D        E       F      G
               +--------+--------+--------+--------+--------+-----+--------+
         Total |   2183 |   2183 |      0 |      0 |      0 |   4 |  545.8 |
       Dungeon |   2183 |   2183 |      0 |      0 |      0 |   4 |  545.8 |
               +--------+--------+--------+--------+--------+-----+--------+

Top non-repeatable levels by time:
     D:3: 730 daAuts
     D:1: 677 daAuts
     D:2: 668 daAuts
     D:4: 107 daAuts
